 Dungeon Crawl Stone Soup version 0.30-a0-272-gf98c3da03f (webtiles) character file.

Game seed: 10393075140881418757

92 lonewolfV2 the Chopper (level 4, -1/37 HPs)
             Began as a Ghoul Gladiator on Oct 15, 2022.
             Slain by a goblin
             ... wielding a +4 dagger
             ... led by Robin
              (11 damage)
             ... on level 3 of the Dungeon.
             The game lasted 00:03:30 (1445 turns).

lonewolfV2 the Chopper (Ghoul Gladiator)            Turns: 1445, Time: 00:03:31

Health: -1/37      AC:  4    Str: 19    XL:     4   Next: 60%
Magic:  3/3        EV: 12    Int:  3    God:
Gold:   85         SH:  0    Dex: 10    Spells: 3/3 levels left

rFire   + + .      SeeInvis .    a - +0 war axe
rCold   . . .      Faith    .    (no shield)
rNeg    + + +      Spirit   .    b - +0 leather armour
rPois   ∞          Reflect  .    c - +0 helmet
rElec   .          Harm     .    (no cloak)
rCorr   .          Rampage  .    (no gloves)
Will    .....                    (no boots)
Stlth   +.........               (no amulet)
HPRegen 0.00/turn                f - ring of protection from fire
MPRegen 0.08/turn                g - ring of fire

@: inhibited regen
A: claws 1, cold resistance 1, negative energy resistance 3, inhibited
regeneration, torment resistance 2, devour on kill
a: no special abilities


You were on level 3 of the Dungeon.
You visited 1 branch of the dungeon, and saw 3 of its levels.

You collected 85 gold pieces.

Inventory:

Hand Weapons
 a - a +0 war axe (weapon)
Missiles
 d - 3 throwing nets (quivered)
 e - a javelin
Armour
 b - a +0 leather armour (worn)
 c - a +0 helmet (worn)
Jewellery
 f - a ring of protection from fire (left claw)
 g - a ring of fire (right claw)
Scrolls
 i - a scroll of fog
Potions
 h - a potion of heal wounds {unknown}
 j - 2 potions of lignification {unknown}
 k - 2 potions of haste
 l - a potion of curing
 n - a potion of mutation {unknown}
 o - a potion of brilliance {unknown}


   Skills:
 + Level 2.6 Fighting
 + Level 3.9 Axes
 + Level 1.8 Throwing
 + Level 1.2 Armour
 + Level 3.1 Dodging
 + Level 0.4 Stealth


You had 3 spell levels left.
You didn't know any spells.
Your spell library contained the following spells:

 Spells                   Type           Power      Damage    Failure   Level
 Fireball                 Conj/Fire      0%         3d3       100%        5
 Iskenderun's Battlesphe  Conj           0%         2d6       100%        5
 Conjure Ball Lightning   Conj/Air       0%         3x3d6     100%        6
 Orb of Destruction       Conj           0%         9d5       100%        7


Dungeon Overview and Level Annotations

Branches:
Dungeon (3/15)

Altars:
Dithmenos

Annotations:
D:3 Robin


Innate Abilities, Weirdness & Mutations

You are immune to poison.
You have sharp fingernails.
Your flesh is cold resistant. (rC+)
You are immune to negative energy. (rN+++)
You do not regenerate when monsters are visible.
You are immune to unholy pain and torment.
You thrive by killing the living.


Message History

The goblin unwields a +0 sling.
The goblin wields a +0 club.
The goblin hits your kobold but does no damage.
Your kobold hits the goblin with a +0 short sword.
The goblin dies!
The goblin hits you with a +4 dagger!
Your Armour skill increases to level 1!
You slash the goblin!
You kill the goblin!
You feel better.
You hit the goblin.
Your endoplasm dissolves into shadows!
The goblin hits your kobold with a +0 dagger.
Your kobold dies!
Your kobold's corpse dissolves into shadows!
You barely miss the goblin.
The goblin is moderately wounded.
You hit the hobgoblin. The goblin hits you with a +4 dagger.
The hobgoblin barely misses you.
You hit the goblin.
The goblin is heavily wounded.
You hit the hobgoblin.
You kill the hobgoblin!
You feel better.
Robin says, "Bow before me, strongest of all the hobgoblins!"
The goblin hits you with a +4 dagger.
* * * LOW HITPOINT WARNING * * *
The goblin hits you with a +0 dagger.
* * * LOW HITPOINT WARNING * * *
Robin laughs in a distinctly smug fashion.
You barely miss the goblin. x3; Robin throws the goblin at you!
The goblin closely misses you. The goblin misses you.
The goblin hits you with a +0 dagger.
* * * LOW HITPOINT WARNING * * *
The goblin hits you with a +4 dagger.
* * * LOW HITPOINT WARNING * * *
Unknown command.
It was a potion of curing.
You feel better. Robin throws the goblin at you!
* * * LOW HITPOINT WARNING * * *
The goblin closely misses you. The goblin barely misses you.
The goblin hits you with a +4 dagger!
You die...

#.#.......... #.####.
............. .....#
##...####.###.
##..[.###...§§# #.# .
.....##.§...§§##.# .
#...#§§§..§§§§#.#
##...§§§....§§...#
####>.ggg§§..§§§....#
.....))@g....§.§§..[#
.....gg##§§§§.§§§.#.....
....... ##§§..§§§##..#..
....... #§..§.###.....
....... ##...## #.....
..$.... ...... .#!...
...#... #...... . ##..
#.#...# #....... ..
#.....


You could see Robin, a hobgoblin (strong) and 4 goblins.

Vanquished Creatures
  Jessica (D:2)
  Ijyb (D:3)
  2 dart slugs
  A ball python (D:3)
  An endoplasm (D:1)
  6 goblins
  7 hobgoblins
  4 kobolds (D:1)
  A bat (D:1)
  7 frilled lizards
  3 rats
34 creatures vanquished.

Vanquished Creatures (collateral kills)
  2 goblins (D:3)
  A bat (D:3)
3 creatures vanquished.

Grand Total: 37 creatures vanquished

Notes
Turn   | Place    | Note
-------+----------+-------------------------------------------
     0 | D:1      | lonewolfV2 the Ghoul Gladiator began the quest for the Orb.
     0 | D:1      | Reached XP level 1. HP: 17/17 MP: 0/0
   200 | D:1      | Reached XP level 2. HP: 21/24 MP: 1/1
   961 | D:2      | Reached XP level 3. HP: 28/30 MP: 2/2
  1232 | D:2      | Noticed Jessica
  1247 | D:2      | Killed Jessica
  1407 | D:3      | Reached XP level 4. HP: 34/37 MP: 3/3
  1411 | D:3      | Found a shadowy altar of Dithmenos.
  1430 | D:3      | Noticed Ijyb
  1437 | D:3      | Noticed Robin
  1440 | D:3      | Killed Ijyb
  1441 | D:3      | Reached skill level 1 in Armour
  1445 | D:3      | Slain by a goblin

Illustrated notes

Levels and vault maps discovered:
D:1:      minmay_arrival_plants_in_alcoves, layout_loops_ring,
          skrybe_limestone_x
D:2:      layout_rooms, uniq_jessica
D:3:      layout_basic, nicolae_dithmenos_the_darkroom, serial_shops,
          nicolae_shop_advertising_works [nicolae_subvault_shop_adworks],
          uniq_ijyb, uniq_robin

Skill      XL: |  1  2  3  4 |
---------------+-------------+-----
Axes           | 3 |  3.9
Dodging        | 3 |  3.1
Armour         | 1 |  1.2
Fighting       | |  2.6
Throwing       | |  1.8
Stealth        | |  0.4

Action                   |  1- 3 |  4- 6 || total
-------------------------+-------+-------++-------
Melee: War axe           |   100 |    11 ||   111
       Punch             |     2 |       ||     2
  Use: Scroll            |     8 |     2 ||    10
       Potion            |       |     1 ||     1
Armor: Leather armour    |    27 |     2 ||    29
Dodge: Dodged            |    69 |    10 ||    79

Table legend: (Time is in decaauts)
 A = Elapsed time spent in this place.
 B = Non-inter-level travel time spent in this place.
 C = Inter-level travel time spent in this place.
 D = Time resting spent in this place.
 E = Time spent auto-exploring this place.
 F = Levels seen in this place.
 G = Mean time per level.
                   A        B        C        D        E       F      G
               +--------+--------+--------+--------+--------+-----+--------+
         Total |   1487 |   1429 |     58 |      0 |   1015 |   3 |  495.7 |
       Dungeon |   1487 |   1429 |     58 |      0 |   1015 |   3 |  495.7 |
               +--------+--------+--------+--------+--------+-----+--------+

Top non-repeatable levels by time:
     D:1: 904 daAuts
     D:2: 503 daAuts
     D:3: 80 daAuts
